 Dungeon Crawl Stone Soup version 0.20-a0-32-gb8e7c72 (webtiles) character file.

2899 Faca the Quickloader (level 9, 0/79 HPs)
             Began as a Centaur Hunter on Nov 8, 2016.
             Was a Follower of Trog.
             Slain by a killer bee (3 damage)
             ... on level 8 of the Dungeon.
             The game lasted 01:58:16 (7515 turns).

Faca the Quickloader (Centaur Hunter)               Turns: 7515, Time: 01:58:20

Health: 0/79       AC: 17    Str: 14    XL:     9   Next: 49%
Magic:  9/9        EV:  5    Int: 10    God:    Trog [*.....]
Gold:   369        SH:  0    Dex: 14    Spells: 0 memorised, 8 levels left

rFire  . . .     SeeInvis .     a - +1 hand crossbow
rCold  . . .     Gourm    .     o - +0 chain mail
rNeg   . . .     Faith    .     (no shield)
rPois  +         Spirit   .     g - +2 helmet
rElec  .         Reflect  .     (no cloak)
rCorr  .         Harm     +     i - +0 pair of gloves
MR     .....                    (no barding)
Stlth  ..........               y - amulet of harm
                                r - +5 ring of protection
                                q - ring of poison resistance

@: flying, very quick
A: hooves 3, deformed body, speed 2, tough skin 3
a: Berserk, Burn Spellbooks, Renounce Religion


You were on level 8 of the Dungeon.
You worshipped Trog.
Trog was aware of your devotion.
You were not hungry.

You visited 2 branches of the dungeon, and saw 9 of its levels.

You collected 369 gold pieces.

Inventory:

Hand Weapons
 a - a +1 hand crossbow (weapon)
 n - a +1 short sword of venom
 F - a +0 shortbow
 I - a cursed +2 great sword
Missiles
 d - 104 bolts (quivered)
 e - 63 arrows
Armour
 g - a +2 helmet (worn)
 i - a +0 pair of gloves (worn)
 o - a +0 chain mail (worn)
 J - a +3 ring mail of cold resistance
Jewellery
 q - a ring of poison resistance (left hand)
 r - a +5 ring of protection (right hand)
 y - an amulet of harm (around neck)
Wands
 E - a wand of flame (31/48)
 H - a wand of random effects (9/48)
Scrolls
 c - a scroll of enchant weapon {unknown}
 f - 3 scrolls of enchant armour
 k - 2 scrolls of blinking {unknown}
 m - a scroll of fog
 u - 2 scrolls of fear
 x - a scroll of amnesia
 K - a scroll of remove curse
Potions
 h - 2 potions of agility
 p - a potion of brilliance {unknown}
 s - 2 potions of magic
 t - a potion of ambrosia {unknown}
 w - 2 potions of lignification
 z - 2 potions of berserk rage {unknown}
 A - a potion of haste {unknown}
 B - a potion of resistance {unknown}
 D - a potion of degeneration {unknown}
Comestibles
 b - a meat ration
 l - a slice of pizza
 v - 4 bread rations
 C - a royal jelly
 G - a beef jerky


   Skills:
 + Level 7.1 Fighting
 + Level 11.3 Crossbows
 + Level 3.8 Armour
 + Level 1.9 Dodging
 + Level 1.0 Stealth


You had 8 spell levels left.
You didn't know any spells.

Dungeon Overview and Level Annotations

Branches:
Dungeon (8/15)             Temple (1/1) D:6
   Lair: D:8-11

Altars:
Ashenzari
Cheibriados
Dithmenos
Elyvilon
Fedhas
Gozag
Hepliaklqana
Kikubaaqudgha
Makhleb
Nemelex Xobeh
Okawaru
Qazlal
Ru
Sif Muna
Trog
Uskayaw
Vehumet
Xom
Yredelemnul
Zin
The Shining One


Innate Abilities, Weirdness & Mutations

You have hooves in place of feet.
Armour fits poorly on your strangely shaped body.
You cover ground very quickly.
You have extremely tough skin. (AC +3)


Message History

The killer bee barely misses you. The killer bee barely misses you.
The killer bee stings you.
* * * LOW HITPOINT WARNING * * *
Things that are here:
a club; an orc corpse
As you read the scroll labeled KYANUKA POAXOEGAA, it crumbles to dust.
It is a scroll of enchant armour.
Your +2 ring mail of cold resistance glows green for a moment.
The killer bee stings you.
* * * LOW HITPOINT WARNING * * *
The killer bee stings you but does no damage.
The killer bee barely misses you.
The killer bee stings you but does no damage.
As you read the scroll of fog, it crumbles to dust.
The scroll dissolves into smoke.
The killer bee stings you but does no damage.
The killer bee barely misses you.
The killer bee stings you but does no damage.
The killer bee stings you.
You die...

##.# #.# ...#
######.#########.
...###................
..............########
######.####...#########
#.# #...##......# #.#
#...##.....(#
...####...##§y§.(.#
..........(§@y§...#
############§§§...#
#.....(# #(###### #.#
#.# #.# #.# #.#


You could see 2 killer bees.

Vanquished Creatures
  Prince Ribbit (D:6)
  2 orc warriors
  An ice beast (D:5)
  2 sky beasts
  7 ogres
  2 centaurs
  4 bullfrogs
  A wyvern zombie (D:7)
  A killer bee (D:8)
  5 wights (D:7)
  A centaur zombie (D:7)
  2 hounds
  2 quasits
  7 orc wizards
  A gnoll shaman (D:7)
  A centaur skeleton (D:5)
  A jelly (D:7)
  3 iguanas
  Natasha (thrice) (D:2)
  4 worker ants
  5 gnolls (D:7)
  7 adders
  A howler monkey skeleton (D:7)
  A shadow imp (D:7)
  3 oozes
  An adder skeleton (D:4)
  An adder zombie (D:5)
  2 dart slugs
  3 leopard geckos
  18 orcs
  7 giant cockroaches
  3 hobgoblins
  6 jackals
  A quokka (D:4)
  2 ball pythons (D:4)
  6 bats
  3 frilled lizards
  8 goblins
  4 kobolds
  A leopard gecko skeleton (D:5)
  2 quokka skeletons
  2 rats
138 creatures vanquished.

Notes
Turn   | Place    | Note
-------+----------+-------------------------------------------
     0 | D:1      | Faca the Centaur Hunter began the quest for the Orb.
     0 | D:1      | Reached XP level 1. HP: 17/17 MP: 1/1
   235 | D:1      | Reached XP level 2. HP: 24/24 MP: 2/2
   981 | D:2      | Reached skill level 5 in Crossbows
  1236 | D:2      | Noticed Natasha
  1241 | D:2      | Noticed a crimson imp
  1242 | D:2      | Killed Natasha
  1242 | D:2      | Reached XP level 3. HP: 30/30 MP: 3/3
  1371 | D:2      | Noticed Natasha
  1377 | D:2      | Killed Natasha
  1377 | D:2      | Reached XP level 4. HP: 34/37 MP: 4/4
  1499 | D:2      | Noticed Natasha
  1509 | D:2      | Killed Natasha
  1509 | D:2      | Reached skill level 6 in Crossbows
  2232 | D:3      | Reached XP level 5. HP: 42/42 MP: 5/5
  2825 | D:4      | Reached skill level 1 in Armour
  2926 | D:4      | Reached XP level 6. HP: 46/51 MP: 6/6
  2952 | D:4      | Reached skill level 7 in Crossbows
  3565 | D:4      | Reached skill level 8 in Crossbows
  3565 | D:4      | Reached XP level 7. HP: 28/59 MP: 7/7
  3892 | D:5      | Entered Level 5 of the Dungeon
  4520 | D:6      | Reached skill level 9 in Crossbows
  4702 | D:6      | Found a staircase to the Ecumenical Temple.
  4709 | D:6      | Reached XP level 8. HP: 62/67 MP: 8/8
  4765 | D:6      | Noticed Prince Ribbit
  4772 | D:6      | Killed Prince Ribbit
  4772 | D:6      | Reached skill level 5 in Fighting
  4856 | Temple   | Entered the Ecumenical Temple
  5206 | Temple   | Became a worshipper of Trog the Wrathful
  5688 | D:7      | Reached skill level 10 in Crossbows
  6213 | D:7      | Reached XP level 9. HP: 67/75 MP: 9/9
  6415 | D:7      | Reached * piety under Trog
  6591 | D:7      | Upgraded the game from 0.20-a0-29-g41cc41e to 0.20-a0-32-gb8e7c72
  6741 | D:7      | Reached skill level 1 in Stealth
  6852 | D:7      | Reached skill level 11 in Crossbows
  7514 | D:8      | HP: 3/79 [killer bee (2)]
  7515 | D:8      | Slain by a killer bee

Vault maps used:
D:1:      roderic_crossed_star
D:2:      uniq_natasha
D:3:      kennysheep_generic_room_8
D:5:      first_bread
D:6:      uniq_prince_ribbit1
Temple:   nicolae_temple_the_god_donut

Skill      XL: |  1  2  3  4  5  6  7  8  9 |
---------------+----------------------------+-----
Crossbows      | 5 6 8 9 10 11 | 11.3
Fighting       | 3 4 6 7 |  7.1
Armour         | 1 2 3 |  3.8
Stealth        | 1 |  1.0
Dodging        | |  1.9

Action                   |  1- 3 |  4- 6 |  7- 9 || total
-------------------------+-------+-------+-------++-------
Melee: Short sword       |       |       |     6 ||     6
       Hand crossbow     |       |       |     4 ||     4
       Kick              |       |       |     2 ||     2
 Fire: Hand crossbow     |    57 |   179 |   263 ||   499
  Use: Scroll            |       |     6 |     8 ||    14
       Potion            |       |       |     2 ||     2
  Eat: Bread ration      |       |     1 |       ||     1
       Meat ration       |       |     1 |     1 ||     2
Armor: Leather armour    |     5 |       |       ||     5
       Chain mail        |     8 |    73 |   105 ||   186
Dodge: Dodged            |     7 |    20 |    35 ||    62
